 Dungeon Crawl Stone Soup version 0.21-a0-221-gfe971b9 (webtiles) character file.

4783 Moloch the Spear-Bearer (level 10, -2/79 HPs)
             Began as a Mummy Fighter on Aug 27, 2017.
             Was an Initiate of Ru.
             Slain by a two-headed ogre
             ... wielding a +0 giant spiked club
              (8 damage)
             ... on level 8 of the Dungeon.
             The game lasted 00:22:50 (12302 turns).

Moloch the Spear-Bearer (Mummy Fighter)            Turns: 12302, Time: 00:22:51

Health: -2/79      AC:  9    Str: 22    XL:     10   Next: 23%
Magic:  13/13      EV:  5    Int:  8    God:    Ru [......]
Gold:   242        SH:  9    Dex: 15    Spells: 9/9 levels left

rFire    . . .     SeeInvis .   a - +0 trident
rCold    + + .     Gourm    .   c - +0 shield
rNeg     + + +     Faith    .   h - +0 chain mail
rPois    ∞         Spirit   .   (no helmet)
rElec    .         Reflect  .   j - scarf {rC+ rF+}
rCorr    .         Harm     .   t - +0 pair of gloves
MR       +....                  (no boots)
Stlth    ..........             (no amulet)
HPRegen  0.23/turn              e - ring of wizardry
MPRegen  0.13/turn              u - +3 ring of strength

@: no status effects
A: no food or potions, fire vulnerability, cold resistance 1, negative energy
resistance 3, torment resistance, unbreathing, no stealth
a: Renounce Religion


You were on level 8 of the Dungeon.
You worshipped Ru.
Ru was noncommittal.
You were not hungry.

You visited 1 branch of the dungeon, and saw 9 of its levels.
You also visited: Sewer.

You collected 341 gold pieces.
You spent 99 gold pieces at shops.

Inventory:

Hand Weapons
 a - a +0 trident (weapon)
 v - a +0 halberd
Missiles
 m - 6 javelins (quivered)
Armour
 c - a +0 shield (worn)
 h - a +0 chain mail (worn)
 j - a scarf of resistance (worn)
 t - a +0 pair of gloves (worn)
Jewellery
 e - a ring of wizardry (left hand)
 u - a +3 ring of strength (right hand)
Wands
 o - a wand of lightning (0/15)
 p - a wand of random effects (26/48)
Scrolls
 b - 5 scrolls of identify
 d - 3 scrolls of random uselessness {unknown}
 f - 3 scrolls of remove curse {unknown}
 g - 3 scrolls of enchant weapon {unknown}
 i - a scroll of recharging
 k - a scroll of amnesia {unknown}
 l - a scroll of enchant armour {unknown}
 n - 6 scrolls of teleportation
 q - a scroll of fear {unknown}
 r - a scroll of fog {unknown}
 s - a scroll of magic mapping {unknown}


   Skills:
 + Level 7.0 Fighting
 + Level 10.3 Polearms
 - Level 2.4 Armour
 - Level 2.4 Shields
 * Level 5.0 Evocations


You had 9 spell levels left.
You didn't know any spells.

Dungeon Overview and Level Annotations

Branches:
Dungeon (9/15)             Temple (0/1) D:7
   Lair: D:8-11         Orc: D:9-12

Altars:
Fedhas
Gozag
Nemelex Xobeh
Okawaru
Qazlal
Ru
Uskayaw
Vehumet
Xom

Shops:
D:4 %:?   D:7 *

Annotations:
D:3 Torious's ghost, amateur DECj


Innate Abilities, Weirdness & Mutations

You do not eat or drink.
Your flesh is vulnerable to fire.
You are immune to poison.
Your flesh is cold resistant. (rC+)
You are immune to negative energy. (rN+++)
You are immune to unholy pain and torment.
You can survive without breathing.
You cannot be stealthy.


Message History

Aiming: Random Effects
Press: ? - help, Shift-Dir - straight line, f/p - two-headed ogre
Aim: a two-headed ogre, wielding a giant spiked club and a giant club (moderately wounded)
The puff of frost hits the two-headed ogre.
The two-headed ogre is moderately wounded.
This wand has 27 charges left.
The two-headed ogre hits you with a giant spiked club!
* * * LOW HITPOINT WARNING * * *
The two-headed ogre hits you with a giant club!
* * * LOW HITPOINT WARNING * * *
Evoke which item? (* to show all) (? for menu, Esc to quit)
Okay, then.
Evoke which item? (* to show all) (? for menu, Esc to quit)
Aiming: Random Effects
Press: ? - help, Shift-Dir - straight line, f/p - two-headed ogre
Aim: a two-headed ogre, wielding a giant spiked club and a giant club (moderately wounded)
The two-headed ogre looks slightly unstable.
This wand has 26 charges left.
The two-headed ogre hits you with a giant spiked club!
You die...

#(# #.# #.#
#####(# #...#.#
#.#.#.#
#########.#.#.#
#.........#.#.#
#.####@.)...#.#
#.#..O......#.#
#.#.#####.#.#.#
#.#.........#.#
#(###########.#
#....(........#
#.#############
#.# ###


You could see a two-headed ogre.

Vanquished Creatures
  Pikel (D:7)
  A centaur skeleton (D:9)
  2 hippogriffs
  A vampire (D:7)
  Eustachio (D:5)
  2 hogs
  A yak (D:7)
  A human (D:8)
  A hungry ghost (D:8)
  Edmund (D:5)
  Menkaure (D:4)
  Duvessa (D:7)
  2 ice beasts
  A sky beast (D:7)
  2 ogres
  A phantom (D:5)
  A crocodile (D:9)
  2 centaurs
  3 bullfrogs
  A gnoll sergeant (D:5)
  A wyvern skeleton (D:6)
  2 scorpions
  A howler monkey (D:6)
  A jelly (D:8)
  5 crimson imps
  A quasit (D:7)
  A bullfrog zombie (D:6)
  A bullfrog skeleton (D:8)
  3 orc priests
  A hound (D:7)
  An iguana (D:5)
  6 orc wizards
  4 worker ants
  A howler monkey skeleton (D:7)
  16 adders
  14 gnolls
  A shadow imp (D:7)
  3 oozes
  An adder skeleton (D:8)
  4 worms
  A dart slug (D:2)
  8 leopard geckos
  33 orcs
  15 bats
  6 giant cockroaches
  8 goblins
  13 hobgoblins
  10 jackals
  7 quokkas
  A ball python (D:5)
  8 frilled lizards
  A jackal zombie (D:5)
  9 kobolds
  A leopard gecko skeleton (D:3)
  A quokka zombie (D:5)
  3 rats (D:2)
220 creatures vanquished.

Vanquished Creatures (others)
  A slave (D:7)
  Dowan (D:7)
  2 crimson imps (D:7)
  A hound (D:7)
  A jelly (D:7)
  A gnoll (D:7)
  An adder (D:7)
  A hobgoblin (D:3)
9 creatures vanquished.

Grand Total: 229 creatures vanquished

Notes
Turn   | Place    | Note
-------+----------+-------------------------------------------
     0 | D:1      | Moloch the Mummy Fighter began the quest for the Orb.
     0 | D:1      | Reached XP level 1. HP: 18/18 MP: 1/1
   162 | D:1      | Reached skill level 2 in Polearms
   249 | D:1      | Reached XP level 2. HP: 24/24 MP: 2/2
   607 | D:1      | Reached XP level 3. HP: 17/29 MP: 3/3
   720 | D:1      | Reached skill level 3 in Polearms
  1063 | D:1      | Reached XP level 4. HP: 18/35 MP: 4/4
  1285 | D:2      | Noticed a hand axe
  1288 | D:2      | Noticed a dagger
  1291 | D:2      | Found a hide-covered altar of Uskayaw.
  1645 | D:1      | Reached skill level 4 in Polearms
  2276 | D:3      | Reached XP level 5. HP: 35/41 MP: 5/5
  2337 | D:3      | Noticed Torious's ghost (amateur DECj)
  3227 | D:3      | Found a radiant altar of Vehumet.
  3424 | D:3      | Found a blossoming altar of Fedhas.
  3495 | D:4      | Found Quuvupyo's Armour Boutique.
  3535 | D:4      | Found a glowing drain.
  3570 | Sewer    | Entered a sewer
  3711 | Sewer    | Reached skill level 5 in Polearms
  3820 | Sewer    | Noticed tidbits's ghost (amateur DgWn)
  3835 | Sewer    | HP: 1/41 [tidbits's ghost (6)]
  4251 | D:4      | Found Mut Vuam's Food Shoppe.
  4366 | D:4      | Reached XP level 6. HP: 47/47 MP: 6/6
  4589 | D:4      | Found Koxue's Book Shop.
  5030 | D:4      | Noticed Menkaure
  5039 | D:4      | Killed Menkaure
  5039 | D:4      | Reached skill level 6 in Polearms
  5039 | D:4      | Reached skill level 1 in Evocations
  5307 | D:4      | Found Ysohad's Magic Scroll Shoppe.
  5313 | D:4      | Bought a scroll of teleportation for 33 gold pieces
  5313 | D:4      | Bought a scroll of teleportation for 33 gold pieces
  5313 | D:4      | Bought a scroll of teleportation for 33 gold pieces
  5513 | D:5      | Entered Level 5 of the Dungeon
  5685 | D:4      | Reached XP level 7. HP: 38/52 MP: 7/7
  5890 | D:5      | Found a stormy altar of Qazlal.
  6238 | D:5      | Found a shimmering altar of Xom.
  6392 | D:5      | Noticed Eustachio
  6418 | D:5      | Killed Eustachio
  6418 | D:5      | Reached skill level 7 in Polearms
  6551 | D:5      | Reached XP level 8. HP: 32/60 MP: 9/9
  6808 | D:5      | Noticed Edmund
  7182 | D:5      | Killed Edmund
  7587 | D:6      | Reached skill level 8 in Polearms
  7713 | D:6      | Found a sacrificial altar of Ru.
  7723 | D:6      | Became a worshipper of Ru the Awakened
  8165 | D:7      | Noticed Pikel
  8193 | D:7      | Killed Pikel
  8193 | D:7      | Reached skill level 5 in Fighting
  8193 | D:7      | Reached XP level 9. HP: 51/68 MP: 11/11
  8359 | D:7      | Noticed Duvessa
  8420 | D:7      | Killed Duvessa
  8420 | D:7      | Reached skill level 9 in Polearms
  8465 | D:7      | Noticed Dowan
  8501 | D:7      | Killed Dowan
  8612 | D:7      | Found Coafiopp's General Store.
  8795 | D:7      | Found a staircase to the Ecumenical Temple.
  9801 | D:8      | Gained mutation: You cannot be stealthy. [Ru sacrifice]
 10160 | D:8      | Found a sacrificial altar of Ru.
 10511 | D:8      | Found an iron altar of Okawaru.
 10558 | D:8      | Found a sparkling altar of Nemelex Xobeh.
 10560 | D:8      | Found an opulent altar of Gozag.
 10627 | D:8      | Reached skill level 10 in Polearms
 11162 | D:8      | Reached XP level 10. HP: 68/77 MP: 13/13
 11322 | D:9      | Noticed a seven-headed hydra
 11842 | D:9      | Reached skill level 5 in Evocations
 12297 | D:8      | Noticed a two-headed ogre
 12302 | D:8      | Slain by a two-headed ogre

Vault maps used:
D:1:      shiori_shiawase, interstate_on_off, minmay_misc_feat_columns
D:2:      dancing_weapons_uskayaw, minmay_ruptured
D:3:      fedhas_altar_4, fiery_altar_vehumet, first_bread
D:4:      cheibrodos_sewer_entry_drain, serial_shops, nicolae_shop_waterfront,
          shop, nicolae_shop_statue_plus, nicolae_shop_trees, uniq_menkaure
D:5:      overflow_temple_1_default, grunt_qazlal_clouds, uniq_eustachio,
          uniq_edmund
D:6:      lemuel_crystal_altar
D:7:      temple_fountains, serial_shops, shop, uniq_pikel, uniq_duvessa
D:8:      grunt_temple_overflow_opulence, okawaru_altar_gauntlet_db,
          grunt_livestock, nicolae_ru_sacrificial_ziggurat
D:9:      minmay_cut_squares, yredelemnul_forgotten_temple_becter,
          guppyfry_shop_venom
Sewer:    sewer_fruit_machine

Skill      XL: |  1  2  3  4  5  6  7  8  9 10 |
---------------+-------------------------------+-----
Polearms       | 2 3 4 5 6 7 8 10 | 10.3
Evocations     | 1 2 3 4 5 |  5.0
Fighting       | 5 6 7 |  7.0
Armour         | |  2.4
Shields        | |  2.4

Action                   |  1- 3 |  4- 6 |  7- 9 | 10-12 || total
-------------------------+-------+-------+-------+-------++-------
Melee: Trident           |   192 |   417 |   609 |   104 ||  1322
Invok: Sacrifice Stealth |       |       |     1 |       ||     1
Evoke: Wand              |       |       |    16 |     4 ||    20
  Use: Scroll            |       |     4 |     3 |       ||     7
 Stab: Distracted        |       |       |     1 |       ||     1
Armor: Scale mail        |    41 |       |       |       ||    41
       Chain mail        |    66 |   189 |   194 |    59 ||   508
Dodge: Dodged            |    52 |    46 |    79 |    17 ||   194
Block: Shield            |    91 |   154 |   206 |    56 ||   507

Table legend:
 A = Spawn XP
 B = Non-spawn XP
 C = Spawn XP percentage of total XP
 D = Spawn monster count
 E = Non-spawn monster count
 F = Spawn count percentage of total count
 G = Total turns spent on level
                    A         B        C        D         E        F      G
               +---------+---------+-------+---------+---------+-------+---------
         Total |     590 |    6243 |   8.6 |      35 |     186 |  15.8 | 12302
               +---------+---------+-------+---------+---------+-------+---------
           D:1 |      29 |      49 |  37.2 |       7 |      18 |  28.0 |  1379
           D:2 |      47 |      68 |  40.9 |       4 |      26 |  13.3 |  1487
           D:3 |      15 |      54 |  21.7 |       2 |      14 |  12.5 |   610
           D:4 |     181 |     377 |  32.4 |      10 |      24 |  29.4 |  1883
           D:5 |       4 |    1019 |   0.4 |       2 |      33 |   5.7 |  1338
           D:6 |     105 |     177 |  37.2 |       2 |       4 |  33.3 |   434
           D:7 |     122 |    2062 |   5.6 |       2 |      21 |   8.7 |  2164
           D:8 |      84 |    1548 |   5.1 |       5 |      25 |  16.7 |  1745
           D:9 |       3 |     846 |   0.4 |       1 |       4 |  20.0 |   627
         Sewer |       0 |      43 |   0.0 |       0 |      17 |   0.0 |   635
               +---------+---------+-------+---------+---------+-------+---------
